 Dungeon Crawl Stone Soup version 0.29.1-15-g9cfb28693d (webtiles) character file.

Game seed: 5294293892414770866

460 CrazyBamboolord the Chopper (level 6, -1/51 HPs)
             Began as a Palentonga Fighter on Oct 7, 2023.
             Slain by a gnoll sergeant
             ... wielding a +0 spear
              (7 damage)
             ... on level 5 of the Dungeon.
             The game lasted 00:07:07 (3500 turns).

CrazyBamboolord the Chopper (Palentonga Fighter)    Turns: 3500, Time: 00:07:08

Health: -1/51      AC: 10    Str: 23    XL:     6   Next: 78%
Magic:  6/6        EV:  5    Int:  8    God:
Gold:   184        SH:  4    Dex: 10    Spells: 5/5 levels left

rFire   . . .      SeeInvis +   a - +0 war axe
rCold   . . .      Faith    .   c - +0 buckler
rNeg    . . .      Spirit   .   j - +0 chain mail {rPois}
rPois   +          Reflect  .   (no helmet)
rElec   .          Harm     .   (no cloak)
rCorr   .          Rampage  .   k - +1 pair of gloves
Will    .....                   (no barding)
Stlth   ..........              (no amulet)
HPRegen 0.17/turn               (no ring)
MPRegen 0.10/turn               (no ring)

@: about to teleport
A: large, rugged brown scales 3, see invisible, deformed body, roll 1, armoured
tail
a: Rolling Charge


You were on level 5 of the Dungeon.
You visited 1 branch of the dungeon, and saw 5 of its levels.

You collected 184 gold pieces.

Inventory:

Hand Weapons
 a - a +0 war axe (weapon)
Armour
 c - a +0 buckler (worn)
 j - a +0 chain mail of poison resistance (worn)
 k - a +1 pair of gloves (worn)
Wands
 h - a wand of mindburst (5)
Scrolls
 b - 3 scrolls of teleportation
 e - 3 scrolls of butterflies
 l - 2 scrolls of vulnerability
 m - a scroll of poison {unknown}
 n - a scroll of immolation {unknown}
 p - 2 scrolls of acquirement {unknown}
 r - a scroll of enchant weapon {unknown}
 s - a scroll of amnesia {unknown}
Potions
 d - 3 potions of might
 f - 5 potions of flight
 g - a potion of haste {unknown}
 i - 3 potions of curing
 o - a potion of lignification {unknown}
 q - 3 potions of heal wounds
 u - a potion of mutation {unknown}


   Skills:
 * Level 4.2 Fighting
 * Level 5.1 Axes
 * Level 3.7 Armour
 * Level 3.6 Shields


You had 5 spell levels left.
You didn't know any spells.
Your spell library contained the following spells:

 Spells                   Type           Power      Damage    Failure   Level
 Sting                    Tmut/Pois      0%         1d3       99%         1
 Poisonous Vapours        Pois/Air       0%         N/A       99%         2
 Static Discharge         Conj/Air       0%         3-3/arc   99%         2
 Dazzling Flash           Conj/Hex       0%         N/A       100%        3
 Iskenderun's Mystic Bla  Conj/Tloc      0%         2d3       100%        4
 Olgreb's Toxic Radiance  Pois           0%         N/A       100%        4
 Lightning Bolt           Conj/Air       0%         1d11      100%        5
 Starburst                Conj/Fire      0%         6d3       100%        6
 Maxwell's Capacitive Co  Air            0%         ∞         100%        8


Dungeon Overview and Level Annotations

Branches:
Dungeon (5/15)
 Temple: D:4-7

Altars:
Ashenzari
Makhleb
Xom


Innate Abilities, Weirdness & Mutations

You are completely covered in rugged brown scales. (AC +3, +7% HP)
You have supernaturally acute eyesight. (SInv)
Armour fits poorly on your strangely shaped body.
You can roll at nearby foes to attack.
You have a long armoured tail.


Message History

You block the iguana's attack.
The gnoll sergeant hits you from afar with a +0 spear!
You slash the iguana!
You kill the iguana!
The gnoll sergeant hits you from afar with a +0 spear.
Roll where?
Press: ? - help, Q - select action, (/) - cycle Dir - move target, f - gnoll sergeant
Aim: a gnoll sergeant, wielding a +0 spear and wearing a +0 scale mail You can't see any item there.
You roll forward with a clatter of scales!
You barely miss the gnoll sergeant.
The gnoll sergeant hits you with a +0 spear!
The gnoll sergeant hits you with a +0 spear.
Unknown command.
You hit the gnoll sergeant but do no damage.
The gnoll sergeant hits you with a +0 spear.
As you read the scroll of teleportation, it crumbles to dust.
You feel strangely unstable.
Unknown command.
You barely miss the gnoll sergeant. You hit the gnoll but do no damage.
The gnoll sergeant hits you with a +0 spear.
* * * LOW HITPOINT WARNING * * *
You block the gnoll's attack.
Unknown command.
You slash the gnoll sergeant! You tail-slap the gnoll sergeant.
The gnoll sergeant is moderately wounded.
You hit the gnoll.
The gnoll hits you from afar with a +0 halberd.
* * * LOW HITPOINT WARNING * * *
The gnoll sergeant hits you but does no damage.
You block the gnoll sergeant's attack.
The gnoll hits you from afar with a +0 halberd.
* * * LOW HITPOINT WARNING * * *
The gnoll hits you but does no damage.
You hit the gnoll sergeant.
Your tail-slap misses the gnoll sergeant.
The gnoll sergeant is heavily wounded.
You barely miss the gnoll.
The gnoll sergeant hits you with a +0 spear!
You die...

#####+# #.
.......##+## ..
...........# .#
#..... ...# #⌠###
#...g. #..# ^♣^.##
#..... #.#
§~_..####.....##@#
.~#~~.#......gggg+
~_.≈..⌠.......g#.#
#^≈..♣###.....##.##
#≈...###########..#
^~♣.##............#
#⌠###.............+
#......##.....##..#
###....##.....##..#


You could see a gnoll sergeant and 4 gnolls.

Vanquished Creatures
  An ogre (D:5)
  An orc priest (D:3)
  Ijyb (D:3)
  Natasha (twice) (D:3)
  Terence (D:2)
  An iguana (D:5)
  7 gnolls
  4 adders
  A white imp (D:5)
  2 worms (D:2)
  2 dart slugs (D:4)
  11 orcs
  8 ball pythons
  4 bats
  6 endoplasms
  4 giant cockroaches
  8 goblins
  8 hobgoblins
  4 jackals (D:2)
  3 quokkas
  4 frilled lizards
  7 kobolds
  8 rats
98 creatures vanquished.

Vanquished Creatures (others)
  2 fungi (D:2)
  2 plants (D:2)
4 creatures vanquished.

Grand Total: 102 creatures vanquished

Notes
Turn   | Place    | Note
-------+----------+-------------------------------------------
     0 | D:1      | CrazyBamboolord the Palentonga Fighter began the quest for
                  | the Orb.
     0 | D:1      | Reached XP level 1. HP: 19/19 MP: 1/1
    54 | D:1      | Reached XP level 2. HP: 25/25 MP: 2/2
   604 | D:1      | Reached XP level 3. HP: 31/31 MP: 3/3
   884 | D:2      | Noticed Terence
   888 | D:2      | Killed Terence
   999 | D:2      | Reached XP level 4. HP: 37/37 MP: 4/4
  1143 | D:2      | Reached skill level 3 in Axes
  1203 | D:2      | Found a faded altar of an unknown god.
  1474 | D:2      | Reached XP level 5. HP: 44/44 MP: 5/5
  1986 | D:3      | Noticed Ijyb
  1993 | D:3      | Killed Ijyb
  2250 | D:3      | Found a burning altar of Makhleb.
  2250 | D:3      | Noticed an Executioner
  2310 | D:3      | Reached skill level 4 in Axes
  2718 | D:3      | Noticed Natasha
  2726 | D:3      | Killed Natasha
  2727 | D:3      | Reached XP level 6. HP: 48/51 MP: 6/6
  2788 | D:3      | Noticed Natasha
  2796 | D:3      | Killed Natasha
  2976 | D:4      | Found a broken altar of Ashenzari.
  3402 | D:5      | Entered Level 5 of the Dungeon
  3408 | D:5      | Found a shimmering altar of Xom.
  3410 | D:5      | Found a shimmering altar of Xom.
  3493 | D:5      | Reached skill level 5 in Axes
  3500 | D:5      | Slain by a gnoll sergeant

Illustrated notes

Levels and vault maps discovered:
D:1:      lightli_arrival_boilingwater, layout_loops_ring
D:2:      layout_loops_cross, shapermc_ecumenical_altar_ellora, uniq_terence
D:3:      layout_basic, makhleb_altar_promises_db, minmay_close_crescents,
          uniq_ijyb, uniq_natasha
D:4:      layout_rooms, evilmike_ruin_ashenzari
D:5:      layout_gridville, nicolae_ru_path_of_blood, xom_redecorated,
          minmay_temple_entry_enclosed_plants, hangedman_abyss_or_decor_passed

Skill      XL: |  1  2  3  4  5  6 |
---------------+-------------------+-----
Shields        | 3 |  3.6
Axes           | 3 4 5 |  5.1
Armour         | 3 |  3.7
Fighting       | 4 |  4.2

Action                   |  1- 3 |  4- 6 || total
-------------------------+-------+-------++-------
Melee: War axe           |    70 |   138 ||   208
       Tailslap          |     7 |    22 ||    29
 Abil: Rolling Charge    |    31 |    38 ||    69
  Use: Scroll            |     3 |     5 ||     8
Armor: Scale mail        |    21 |       ||    21
       Chain mail        |     2 |    65 ||    67
Dodge: Dodged            |    18 |    34 ||    52
Block: Buckler           |     8 |    30 ||    38
